 Dungeon Crawl Stone Soup version 0.24.0-10-g970556be89 (webtiles) character file.

Game seed: 8862839130449536246, levelgen mode: deterministic

317 Iamsoldier the Firebug (level 6, -1/45 HPs)
             Began as a Draconian Fire Elementalist on Nov 5, 2019.
             Was a Believer of Vehumet.
             Slain by a worker ant (8 damage)
             ... on level 4 of the Dungeon.
             The game lasted 00:14:28 (5014 turns).

Iamsoldier the Firebug (DrFE)                       Turns: 5014, Time: 00:14:29

Health: -1/45      AC: 15    Str:  9 (10) XL:     6   Next: 20%
Magic:  0/12       EV: 12    Int: 17 (18) God:    Vehumet [**....]
Gold:   196        SH:  0    Dex:  8 (11) Spells: 9/13 levels left

rFire    . . .     SeeInvis .   d - +0 mace (protect)
rCold    . . .     Gourm    .   (no shield)
rNeg     . . .     Faith    .   (armour unavailable)
rPois    .         Spirit   .   (helmet restricted)
rElec    .         Reflect  .   l - +0 cloak
rCorr    .         Harm     .   (no gloves)
MR       .....                  g - +0 pair of boots
Stlth    ++........             (no amulet)
HPRegen  0.15/turn              (no ring)
MPRegen  0.13/turn              (no ring)

@: lethally poisoned (-1 -> -2), protection aura
A: unfitting armour, cold-blooded, AC +6
a: Renounce Religion


You were on level 4 of the Dungeon.
You worshipped Vehumet.
Vehumet was pleased with you.
You were not hungry.

You visited 1 branch of the dungeon, and saw 4 of its levels.

You collected 196 gold pieces.

Inventory:

Hand Weapons
 d - a +0 mace of protection (weapon)
Missiles
 t - 4 boomerangs of dispersal (quivered)
Armour
 g - a +0 pair of boots (worn)
 l - a +0 cloak (worn)
Jewellery
 n - an uncursed amulet of the gourmand {unknown}
Scrolls
 a - a scroll of amnesia {unknown}
 c - 5 scrolls of remove curse {unknown}
 e - 8 scrolls of identify {unknown}
 f - a scroll of magic mapping {unknown}
 i - a scroll of random uselessness {unknown}
 r - a scroll of blinking {unknown}
 u - a scroll of fog {unknown}
Potions
 k - 4 potions of mutation {unknown}
 m - a potion of heal wounds {unknown}
 o - a potion of invisibility {unknown}
 q - a potion of agility {unknown}
 s - a potion of berserk rage {unknown}
Comestibles
 b - 5 rations


   Skills:
 - Level 1.7 Dodging
 - Level 1.7 Stealth
 * Level 4.3 Spellcasting
 + Level 3.2 Conjurations
 + Level 4.4 Fire Magic


You had 9 spell levels left.
You knew the following spells:

 Your Spells              Type           Power        Failure   Level  Hunger
a - Flame Tongue          Conj/Fire      ###..        3%          1    None
b - Magic Dart            Conj           ##..         4%          1    None
c - Throw Flame           Conj/Fire      ###...       4%          2    ##.....

Your spell library contained the following spells:

 Spells                   Type           Power        Failure   Level  Hunger
 Static Discharge         Conj/Air       #.......     24%         3    ###....
 Conjure Flame            Conj/Fire      ###.....     10%         3    ###....
 Inner Flame              Hex/Fire       ##......     19%         3    ###....
 Blink                    Tloc           N/A          22%         2    ##.....
 Call Imp                 Summ           #.......     22%         2    ##.....
 Slow                     Hex            #.......     22%         2    ##.....
 Mephitic Cloud           Conj/Pois/Air  #.......     28%         3    ###....
 Sticky Flame             Conj/Fire      ###.....     30%         4    ####...
 Fireball                 Conj/Fire      ###.......   65%         5    ######.


Dungeon Overview and Level Annotations

Branches:
Dungeon (4/15)
 Temple: D:4-7

Altars:
Vehumet


Innate Abilities, Weirdness & Mutations

Your plain brown scales are hard. (AC +6)
You cannot fit into any form of body armour.
You are cold-blooded and may be slowed by cold attacks.


Message History

Aiming: Flame Tongue (safe; 3% risk of failure)
Press: ? - help, Shift-Dir - straight line, f/p - worker ant
Aim: a worker ant (almost dead)
The flame tongue hits the worker ant but does no damage.
The worker ant is almost dead.
The worker ant bites you but does no damage.
You barely miss the worker ant.
The worker ant is almost dead.
You feel sick. The worker ant closely misses you.
The worker ant bites you but does no damage.
You hit the worker ant but do no damage.
Your weapon exudes an aura of protection.
The worker ant is almost dead.
The worker ant bites you but does no damage.
The worker ant bites you.
* * * LOW HITPOINT WARNING * * *
You hit the worker ant but do no damage.
The worker ant is almost dead.
The worker ant bites you!
You die...

#....(..##.##.##.#
#.............)..#
#<.......#..#.##.#
#...(....#..#.##
###..(...........#
#.((([.....##.#..#
#.#S.†.....##.#..##.
#.#a##..#......<.)..
#.#@....#.######.###
..........#.#.# ...
...##.#...#.... .###
#.......... ##
#####..#... .......
.... . .....


You could see a worker ant and an adder.

Vanquished Creatures
  2 orc priests (D:3)
  An iguana (D:4)
  2 orc wizards
  7 adders
  4 gnolls (D:3)
  A worm (D:3)
  3 dart slugs
  4 leopard geckos
  7 orcs
  4 giant cockroaches
  7 goblins
  3 hobgoblins
  3 quokkas
  A ball python (D:3)
  7 bats
  A frilled lizard (D:2)
  2 jackal skeletons
  6 kobolds
  8 rats
73 creatures vanquished.

Notes
Turn   | Place    | Note
-------+----------+-------------------------------------------
     0 | D:1      | Iamsoldier the Draconian Fire Elementalist began the quest
                  | for the Orb.
     0 | D:1      | Reached XP level 1. HP: 14/14 MP: 3/3
   461 | D:1      | Reached XP level 2. HP: 20/20 MP: 1/5
   931 | D:2      | Found a faded altar of an unknown god.
  1113 | D:2      | Became a worshipper of Vehumet
  1113 | D:2      | Reached * piety under Vehumet
  1113 | D:2      | Offered knowledge of Magic Dart by Vehumet.
  1117 | D:2      | Learned a level 1 spell: Magic Dart
  1185 | D:2      | Reached XP level 3. HP: 24/26 MP: 0/6
  2676 | D:3      | Reached XP level 4. HP: 33/33 MP: 2/8
  2738 | D:3      | Offered knowledge of Freeze by Vehumet.
  2744 | D:3      | Reached ** piety under Vehumet
  2753 | D:3      | Learned a level 2 spell: Throw Flame
  3501 | D:3      | Reached XP level 5. HP: 31/38 MP: 1/10
  4099 | D:3      | Offered knowledge of Static Discharge by Vehumet.
  4957 | D:4      | Reached XP level 6. HP: 34/45 MP: 2/12
  5014 | D:4      | Slain by a worker ant

Levels and vault maps discovered:
D:1:      dpeg_arrival_snail, layout_basic
D:2:      layout_basic, first_ration, chequers_ecumenical_altar_grove
D:3:      layout_basic
D:4:      layout_loops_cross, old_standard_altar

Skill      XL: |  1  2  3  4  5 |
---------------+----------------+-----
Conjurations   | 2 3 |  3.2
Spellcasting   | 3 4 |  4.3
Fire Magic     | 4 |  4.4
Dodging        | |  1.7
Stealth        | |  1.7

Action                   |  1- 3 |  4- 6 || total
-------------------------+-------+-------++-------
Melee: Unarmed           |    27 |    54 ||    81
       Tailslap          |     6 |     9 ||    15
       Mace              |       |    35 ||    35
 Cast: Flame Tongue      |    24 |    34 ||    58
       Magic Dart        |    54 |    12 ||    66
       Throw Flame       |       |    39 ||    39
  Use: Potion            |       |     5 ||     5
  Eat: Chunk             |     5 |     7 ||    12
       Ration            |       |     1 ||     1
Armor: Skin              |    13 |    54 ||    67
Dodge: Dodged            |    48 |    80 ||   128
